 Dungeon Sprint DCSS version 0.30-a0-279-g4b46babb21 (webtiles) character file.

Game seed: 12021711322229225162

42350 rocky1 the Phalangite (level 13, -2/128 HPs)
             Began as a Minotaur Gladiator on Oct 16, 2022.
             Was an Initiate of Gozag.
             Shot with a bolt by a yaktaur captain (11 damage)
             ... in the Dungeon (Sprint III: "The Ten Rune Challenge") on Oct 17, 2022.
             The game lasted 00:24:16 (5092 turns).

rocky1 the Phalangite (Minotaur Gladiator)          Turns: 5092, Time: 00:24:18

Health: -2/128     AC: 29    Str: 20    XL:     13   Next: 14%
Magic:  12/12      EV: 13    Int:  7    God:    Gozag
Gold:   1627       SH:  0    Dex: 14    Spells: 12/12 levels left

rFire   . . .      SeeInvis +    b - +9 heavy crossbow "Sniper" {vorpal, Acc+∞ SInv}
rCold   + . .      Faith    .    (shield currently unavailable)
rNeg    + + .      Spirit   .    m - +3 plate armour {rC+}
rPois   +          Reflect  .    c - +0 hat
rElec   .          Harm     .    j - +1 cloak {rPois}
rCorr   .          Rampage  .    w - +0 pair of gloves
Will    .....      NoTele   +    f - +4 pair of boots "Fiwnurig" {*Corrode rN++ Slay+3}
Stlth   ..........               (no amulet)
HPRegen 0.41/turn                (no ring)
MPRegen 0.13/turn                (no ring)

@: no status effects
A: horns 2, retaliatory headbutt
}: 1/10 runes: serpentine
a: Renounce Religion, Potion Petition, Call Merchant, Bribe Branch


You were in the Dungeon.
You worshipped Gozag.
Gozag was most pleased with you.
You visited 1 branch You collected 12110 gold pieces.
You spent 4445 gold pieces at shops.
You paid 6038 gold pieces to Gozag.

Inventory:

Hand Weapons
 a - a +3 bardiche of protection
 b - the +9 heavy crossbow "Sniper" (weapon) {vorpal, Acc+∞ SInv}
   (You bought it in a shop in the Dungeon)

   Any ammunition fired from it inflicts extra damage upon your enemies.
   Any ammunition fired from it never misses its target.
   SInv:      It lets you see invisible.
 u - a +2 long sword of holy wrath
Missiles
 d - 2 throwing nets
 e - 6 javelins
 y - 7 curare-tipped darts
Armour
 c - a +0 hat (worn)
 f - the +4 pair of boots "Fiwnurig" (worn) {*Corrode rN++ Slay+3}
   (You bought it in a shop in the Dungeon)

   Slay:      It affects your accuracy & damage with ranged weapons and melee
   (+3).
   rN:        It greatly protects you from negative energy.
   *Corrode:  It may corrode you when you take damage.
 g - the +1 ring mail "Ibiyhitt" {Contam rN+ Regen+}
   (You bought it in a shop in the Dungeon)

   rN:        It protects you from negative energy.
   Contam:    It causes magical contamination when unequipped.
   Regen:     It increases your rate of health regeneration.
 j - a +1 cloak of poison resistance (worn)
 m - a +3 plate armour of cold resistance (worn)
 v - a +3 chain mail of fire resistance
 w - a +0 pair of gloves (worn)
 x - the +2 cloak of the Hurricane {+Inv rPois rC+ Int-5}
   (You bought it in a shop in the Dungeon)

   Int:       It affects your intelligence (-5).
   rC:        It protects you from cold.
   rPois:     It protects you from poison.
   +Inv:      It lets you turn invisible.
 z - the +3 hat of Pondering {ponderous, Will+ MP+10 Int+5}
   (You took it off Gastronok in the Dungeon)

   Int:       It affects your intelligence (+5).
   MP:        It affects your magic capacity (+10).
   Will:      It increases your willpower.
 C - the +3 plate armour of an ossuary {rN+ MP-9 Int+4}
   (You bought it in a shop in the Dungeon)

   Int:       It affects your intelligence (+4).
   rN:        It protects you from negative energy.
   MP:        It affects your magic capacity (-9).
Scrolls
 k - a scroll of blinking
 l - a scroll of torment
 n - a scroll of vulnerability
 o - 2 scrolls of poison
 p - a scroll of silence
 D - a scroll of enchant armour
 E - 2 scrolls of fog
 F - 2 scrolls of fear
Potions
 h - a potion of haste
 i - 2 potions of magic
 q - a potion of ambrosia {unknown}
 r - 2 potions of flight
 s - 4 potions of mutation
 A - a potion of lignification {unknown}
 B - 3 potions of curing
Miscellaneous
 t - a phantom mirror


   Skills:
 + Level 15.8 Fighting
 + Level 24.7 Polearms
 + Level 14.6 Ranged Weapons
 - Level 6.4 Throwing
 + Level 14.0 Armour
 + Level 17.2 Dodging
 - Level 4.5 Stealth
 - Level 5.1 Evocations


You had 12 spell levels left.
You didn't know any spells.
Your spell library contained the following spells:

 Spells                   Type           Power      Damage    Failure   Level
 Tukima's Dance           Hex            0%         N/A       100%        3
 Passage of Golubria      Tloc           0%         N/A       100%        4
 Yara's Violent Unravell  Hex/Tmut       0%         3d3       100%        5


Dungeon Overview and Level Annotations

Branches:
Dungeon (1/1)

Altars:
Cheibriados
Dithmenos
Elyvilon
Fedhas
Gozag
Hepliaklqana
Kikubaaqudgha
Makhleb
Nemelex Xobeh
Okawaru
Qazlal
Ru
Sif Muna
Trog
Uskayaw
Vehumet
Wu Jian
Xom
Yredelemnul
Zin
The Shining One
Jiyva
Lugonu

Shops:
D ??[:[([


Innate Abilities, Weirdness & Mutations

You have a pair of horns on your head.
You reflexively headbutt those who attack you in melee.


Message History

Thank you for shopping at Xinuw's Magic Scroll Boutique!
Unknown command.
You enter the shallow water.
Moving in this stuff is going to be slow.
There is an open door, spattered with blood here.
There is an open door here.
There is an open door, spattered with blood here.
You enter the shallow water.
Moving in this stuff is going to be slow.
There is an open door, spattered with blood here.
There is an open door, spattered with blood here.
You enter the shallow water.
Moving in this stuff is going to be slow.
There is an open door here.
You enter the shallow water.
Moving in this stuff is going to be slow.
You enter the shallow water.
Moving in this stuff is going to be slow.
There is an open door to the Lair of Beasts here.
There is an open door, spattered with blood here.
You see here a +1 dire flail of distortion.
Your +3 bardiche of protection goes still.
b - the +9 heavy crossbow "Sniper" (weapon)
{vorpal, Acc+∞ SInv}
There is an open door here.
The yaktaur captain shouts! x2
The yaktaur captain shoots a bolt.
The bolt hits you!!
You shoot a bolt. The yaktaur shouts!
The bolt hits the yaktaur captain!!
The yaktaur captain is moderately wounded.
You hear a shout!
The yaktaur shoots a bolt.
The bolt hits you but does no damage.
The yaktaur captain shoots a bolt.
The bolt hits you!!
The yaktaur captain shoots a bolt.
The bolt hits you!!
* * * LOW HITPOINT WARNING * * *
The yaktaur captain shoots a bolt.
The bolt hits you!!
* * * LOW HITPOINT WARNING * * *
The yaktaur captain shoots a bolt.
The bolt hits you!
You die...
Your body crumbles into a pile of gold.

#..#.##)###.#^.....#...~≈###
)#.#.##.#..##.....^#...~≈≈≈#
)#..#..##..'^....^.#...~~~~#
▓▓▓▓▓▓▓▓▓▓▓#.^...^.#.......#
.....~~~...#.......#.......#
≈≈≈≈≈≈≈♣♣P.'^...^.^#.......#
♣♣♣♣♣♣♣♣♣PP#.).....#########
♣♣♣##)######## #...'@≈≈§≈#
$$#...#.≈≈≈§# $#...#.#≈§≈# +
#####.#c≈≈≈# # #)..[[# #≈≈≈≈
# #.....# c≈≈≈ # #...).# #§§
#.....# c§ #+#####


You could see 2 yaktaur captains and a yaktaur.

Vanquished Creatures
  Rupert (D)
  Gastronok (D)
  Harold (D)
  4 azure jellies (D)
  A nagaraja (D)
  2 dire elephants (D)
  Erolcha (D)
  2 anacondas (D)
  A naga warrior (D)
  4 death yaks (D)
  5 orc high priests (D)
  Urug (D)
  A lindwurm (D)
  Joseph (D)
  An orc knight (D)
  A deep elf pyromancer (D)
  2 elephants (D)
  6 black mambas (D)
  A guardian serpent (D)
  2 cane toads (D)
  A rime drake (D)
  A komodo dragon (D)
  A queen bee (D)
  3 wandering mushrooms (D)
  2 tyrant leeches (D)
  8 blink frogs (D)
  A shadow (D)
  5 redbacks (D)
  2 nagas (D)
  A spatial vortex (D)
  3 water moccasins (D)
  4 orc warriors (D)
  A swamp drake (D)
  5 two-headed ogres (D)
  A necrophage (D)
  A water elemental (D)
  A scorpion (D)
  32 killer bees (D)
  2 orc priests (D)
  A jelly (D)
  A wizard (D)
  An orc wizard (D)
  A necromancer (D)
  3 humans (D)
  A kobold demonologist (D)
  2 adders (D)
  9 orcs (D)
  An endoplasm (D)
  3 rats (D)
137 creatures vanquished.

Vanquished Creatures (others)
  12 plants (D)
12 creatures vanquished.

Grand Total: 149 creatures vanquished

Notes
Turn   | Place    | Note
-------+----------+-------------------------------------------
     0 | D        | rocky1 the Minotaur Gladiator began the quest for the Orb.
     0 | D        | Reached XP level 1. HP: 18/18 MP: 0/0
    39 | D        | Reached skill level 4 in Polearms
   100 | D        | Reached skill level 5 in Polearms
   100 | D        | Reached skill level 5 in Dodging
   100 | D        | Reached XP level 2. HP: 16/26 MP: 1/1
   244 | D        | Noticed a scorpion
   251 | D        | Killed a scorpion
   252 | D        | Reached skill level 7 in Polearms
   252 | D        | Reached XP level 3. HP: 33/33 MP: 2/2
   252 | D        | Reached XP level 4. HP: 40/40 MP: 3/3
   377 | D        | Noticed a water elemental
   381 | D        | Killed a water elemental
   382 | D        | Reached skill level 8 in Polearms
   382 | D        | Reached skill level 1 in Armour
   401 | D        | Reached skill level 9 in Polearms
   401 | D        | Reached XP level 5. HP: 42/47 MP: 4/4
   419 | D        | Noticed a shadow
   424 | D        | Killed a shadow
   425 | D        | Reached skill level 5 in Fighting
   425 | D        | Reached skill level 10 in Polearms
   425 | D        | Reached XP level 6. HP: 41/57 MP: 5/5
   479 | D        | Found a blossoming altar of Fedhas.
   479 | D        | Found a stormy altar of Qazlal.
   479 | D        | Found a snail-covered altar of Cheibriados.
   479 | D        | Found a burning altar of Makhleb.
   479 | D        | Found a shimmering altar of Xom.
   479 | D        | Noticed a spatial vortex
   481 | D        | Found a hazy altar of Hepliaklqana.
   481 | D        | Found an opulent altar of Gozag.
   481 | D        | Found a sparkling altar of Nemelex Xobeh.
   481 | D        | Found a corrupted altar of Lugonu.
   481 | D        | Found a viscous altar of Jiyva.
   486 | D        | Became a worshipper of Gozag Ym Sagoz the Greedy
   495 | D        | Killed a spatial vortex
   496 | D        | Reached skill level 11 in Polearms
   621 | D        | Found a basalt altar of Yredelemnul.
   621 | D        | Found a shadowy altar of Dithmenos.
   621 | D        | Found a sacrificial altar of Ru.
   628 | D        | Reached skill level 5 in Throwing
   628 | D        | Reached skill level 10 in Dodging
   641 | D        | Reached XP level 7. HP: 60/64 MP: 6/6
   734 | D        | Found a glowing silver altar of Zin.
   734 | D        | Found a glowing golden altar of the Shining One.
   734 | D        | Found a white marble altar of Elyvilon.
   734 | D        | Noticed a deep elf pyromancer
   743 | D        | Killed a deep elf pyromancer
   744 | D        | Reached skill level 13 in Polearms
   744 | D        | Reached skill level 1 in Stealth
   935 | D        | Found a radiant altar of Vehumet.
   935 | D        | Found a shimmering blue altar of Sif Muna.
   935 | D        | Found an ancient bone altar of Kikubaaqudgha.
  1042 | D        | Found a hide-covered altar of Uskayaw.
  1042 | D        | Found an iron altar of Okawaru.
  1042 | D        | Found a bloodstained altar of Trog.
  1042 | D        | Found an ornate altar of the Wu Jian Council.
  1042 | D        | Noticed a human
  1043 | D        | Noticed a human
  1050 | D        | Killed a human
  1051 | D        | Reached XP level 8. HP: 63/74 MP: 7/7
  1058 | D        | Reached skill level 14 in Polearms
  1254 | D        | Reached skill level 5 in Armour
  1436 | D        | Noticed a two-headed ogre
  1446 | D        | Killed a two-headed ogre
  1501 | D        | Noticed Erolcha
  1502 | D        | Noticed a two-headed ogre
  1512 | D        | Killed Erolcha
  1513 | D        | Reached skill level 15 in Polearms
  1513 | D        | Reached XP level 9. HP: 85/85 MP: 8/8
  1517 | D        | Killed a two-headed ogre
  1518 | D        | Reached skill level 10 in Fighting
  1690 | D        | HP: 2/86 [redback (13)]
  1694 | D        | Reached skill level 16 in Polearms
  2051 | D        | Found Nonip's Armour Emporium.
  2051 | D        | Noticed an orc knight
  2314 | D        | Identified a scroll of acquirement
  2315 | D        | Acquired a +3 bardiche of protection
  2340 | D        | Killed an orc knight
  2341 | D        | Reached skill level 1 in Evocations
  2406 | D        | Noticed an orc high priest
  2413 | D        | Noticed a sixfirhy
  2413 | D        | Killed an orc high priest
  2414 | D        | Reached skill level 17 in Polearms
  2414 | D        | Reached XP level 10. HP: 32/96 MP: 9/9
  2415 | D        | Noticed an orc high priest
  2417 | D        | Noticed a rust devil
  2418 | D        | Killed an orc high priest
  2697 | D        | Bought a +3 plate armour of cold resistance for 630 gold
                  | pieces
  2697 | D        | Bought a +0 cloak for 63 gold pieces
  2697 | D        | Bought a +3 chain mail of fire resistance for 371 gold
                  | pieces
  2697 | D        | Bought a +0 pair of gloves for 63 gold pieces
  2784 | D        | Noticed a cane toad
  2784 | D        | Noticed a cane toad
  2797 | D        | Killed a cane toad
  2804 | D        | Killed a cane toad
  2807 | D        | Reached skill level 18 in Polearms
  2807 | D        | Reached skill level 5 in Evocations
  3124 | D        | Reached skill level 19 in Polearms
  3190 | D        | Reached XP level 11. HP: 105/105 MP: 10/10
  3193 | D        | Reached skill level 20 in Polearms
  3287 | D        | Noticed a lindwurm
  3293 | D        | Killed a lindwurm
  3587 | D        | Bought a dazzling cloak for 237 gold pieces
  3587 | D        | Identified the +2 cloak of the Hurricane {+Inv rPois rC+
                  | Int-5} (You bought it in a shop in the Dungeon)
  3587 | D        | Bought a pair of pitted boots for 237 gold pieces
  3587 | D        | Identified the +4 pair of boots "Fiwnurig" {*Corrode rN++
                  | Slay+3} (You bought it in a shop in the Dungeon)
  3587 | D        | Bought a faintly glowing ring mail for 225 gold pieces
  3587 | D        | Identified the +1 ring mail "Ibiyhitt" {Contam rN+ Regen+}
                  | (You bought it in a shop in the Dungeon)
  3587 | D        | Bought a runed cloak for 187 gold pieces
  3615 | D        | Reached skill level 21 in Polearms
  3615 | D        | Noticed Urug
  3624 | D        | Killed Urug
  3666 | D        | Bought the +9 heavy crossbow "Sniper" {vorpal, Acc+∞ SInv}
                  | for 996 gold pieces
  3666 | D        | Found the +9 heavy crossbow "Sniper" {vorpal, Acc+∞ SInv}
  3725 | D        | Reached skill level 1 in Ranged Weapons
  3779 | D        | Reached skill level 5 in Ranged Weapons
  3781 | D        | Reached skill level 22 in Polearms
  3859 | D        | Noticed Harold
  3859 | D        | Noticed Joseph
  3873 | D        | Killed Joseph
  3878 | D        | Killed Harold
  3985 | D        | Noticed a yaktaur captain
  3985 | D        | Noticed a yaktaur captain
  3992 | D        | Noticed a sixfirhy
  4293 | D        | Noticed Rupert
  4307 | D        | Killed Rupert
  4308 | D        | Reached skill level 23 in Polearms
  4401 | D        | Noticed an azure jelly
  4401 | D        | Noticed an azure jelly
  4401 | D        | Noticed an azure jelly
  4401 | D        | Noticed an azure jelly
  4402 | D        | Noticed a dire elephant
  4402 | D        | Noticed a dire elephant
  4402 | D        | Noticed Gastronok
  4417 | D        | Killed a dire elephant
  4418 | D        | Reached skill level 10 in Armour
  4425 | D        | Killed Gastronok
  4426 | D        | Reached skill level 15 in Dodging
  4426 | D        | Reached XP level 12. HP: 84/113 MP: 11/11
  4432 | D        | Killed a dire elephant
  4584 | D        | Killed an azure jelly
  4589 | D        | Killed an azure jelly
  4594 | D        | Killed an azure jelly
  4597 | D        | Killed an azure jelly
  4616 | D        | Noticed a death yak
  4617 | D        | Noticed a death yak
  4617 | D        | Noticed a death yak
  4617 | D        | Noticed a death yak
  4632 | D        | Killed a death yak
  4636 | D        | Killed a death yak
  4637 | D        | Reached skill level 24 in Polearms
  4639 | D        | Killed a death yak
  4646 | D        | Killed a death yak
  4766 | D        | Noticed an anaconda
  4769 | D        | Killed an anaconda
  4770 | D        | Reached skill level 15 in Fighting
  4812 | D        | Noticed an anaconda
  4817 | D        | Killed an anaconda
  4832 | D        | Reached XP level 13. HP: 106/127 MP: 12/12
  4912 | D        | Noticed a nagaraja
  4923 | D        | Killed a nagaraja
  4929 | D        | Found Wybyafed's Magic Scroll Boutique.
  4929 | D        | Found Dunaufet's Antique Armour Emporium.
  4947 | D        | Found Vobrelei's Book Shop.
  4968 | D        | Got a serpentine rune of Zot
  4981 | D        | Bought an ichor-stained plate armour for 840 gold pieces
  4981 | D        | Identified the +3 plate armour of an ossuary {rN+ MP-9
                  | Int+4} (You bought it in a shop in the Dungeon)
  4982 | D        | Bought a scroll of enchant armour for 82 gold pieces
  4982 | D        | Bought a scroll of fog for 44 gold pieces
  4982 | D        | Bought a scroll of identify for 22 gold pieces
  4982 | D        | Bought a scroll of identify for 22 gold pieces
  4982 | D        | Bought a scroll of poison for 44 gold pieces
  5031 | D        | Bought a scroll of vulnerability for 60 gold pieces
  5031 | D        | Bought a scroll of fog for 60 gold pieces
  5031 | D        | Bought a scroll of silence for 142 gold pieces
  5031 | D        | Bought a scroll of fear for 60 gold pieces
  5031 | D        | Bought a scroll of fear for 60 gold pieces
  5092 | D        | Shot with a bolt by a yaktaur captain

Illustrated notes

Levels and vault maps discovered:
D:        dungeon_sprint_mu [sprint_mu_entry_cave, sprint_mu_temple_rooms,
          sprint_mu_d1_spiders, sprint_mu_d2_genie, sprint_mu_d3_branching,
          sprint_mu_orc_legion, sprint_mu_elf_gauntlet, sprint_mu_hive_nellie,
          sprint_mu_lair_fedhas, sprint_mu_vaults_butterflies,
          sprint_mu_slime_circle, sprint_mu_shoals_kraken,
          sprint_mu_snake_twists, sprint_mu_blade_basic,
          sprint_mu_crypt_fortress, sprint_mu_tomb_spiral,
          sprint_mu_vestibule_basic, sprint_mu_gehenna_hellfire,
          sprint_mu_dis_giant, sprint_mu_tartarus_statrot,
          sprint_mu_cocytus_islands, sprint_mu_zot1]

Skill      XL: |  1  2  3  4  5  6  7  8  9 10 11 12 13 |
---------------+----------------------------------------+-----
Polearms       | 5 7 9 10 11 13 15 17 19 23 24 | 24.7
Dodging        | 5 6 7 9 10 11 13 14 15 16 17 | 17.2
Fighting       | 3 4 5 6 7 9 11 12 15 | 15.8
Throwing       | 3 4 5 6 |  6.4
Armour         | 1 2 3 4 6 8 9 10 13 14 | 14.0
Stealth        | 2 3 4 |  4.5
Evocations     | 3 5 |  5.1
Ranged Weapons | 11 14 | 14.6

Action                   |  1- 3 |  4- 6 |  7- 9 | 10-12 | 13-15 || total
-------------------------+-------+-------+-------+-------+-------++-------
Melee: Trident           |    27 |    36 |    92 |       |       ||   155
       Headbutt          |     3 |     6 |    30 |    64 |       ||   103
       Punch             |       |     1 |     1 |       |       ||     2
       Bardiche          |       |       |    36 |   305 |    10 ||   351
 Fire: Heavy crossbow    |       |       |       |    10 |    12 ||    22
Throw: Throwing net      |     1 |       |       |       |       ||     1
       Javelin           |       |     1 |       |       |       ||     1
Invok: Potion Petition   |       |       |     2 |     5 |       ||     7
       Call Merchant     |       |       |       |     2 |     1 ||     3
  Use: Potion            |       |       |     6 |     1 |       ||     7
       Scroll            |       |       |     3 |       |     2 ||     5
 Stab: Sleeping          |       |       |     2 |       |       ||     2
       Distracted        |       |       |       |     7 |       ||     7
       Invisible         |       |       |       |     2 |       ||     2
Armor: Leather armour    |     2 |     6 |       |       |       ||     8
       Chain mail        |       |       |     5 |   108 |       ||   113
       Plate armour      |       |       |       |    50 |    10 ||    60
Dodge: Dodged            |    12 |     9 |    37 |   180 |     5 ||   243

Table legend: (Time is in decaauts)
 A = Elapsed time spent in this place.
 B = Non-inter-level travel time spent in this place.
 C = Inter-level travel time spent in this place.
 D = Time resting spent in this place.
 E = Time spent auto-exploring this place.
 F = Levels seen in this place.
 G = Mean time per level.
                   A        B        C        D        E       F      G
               +--------+--------+--------+--------+--------+-----+--------+
         Total |   5107 |   4897 |    210 |   3329 |     74 |   1 | 5107.0 |
       Dungeon |   5107 |   4897 |    210 |   3329 |     74 |   1 | 5107.0 |
               +--------+--------+--------+--------+--------+-----+--------+

Top non-repeatable levels by time:
       D: 5107 daAuts
